 Dungeon Crawl Stone Soup version 0.24-a0-411-g4df2b1290f (webtiles) character file.

Game seed: 5753337433186589205

57997 Inquire the Warrior (level 14, -3/136 HPs)
             Began as a Minotaur Summoner on June 6, 2019.
             Was the Champion of Zin.
             Slain by an orc warlord
             ... wielding a +1 great mace of draining
              (6 damage)
             ... on level 2 of the Orcish Mines.
             The game lasted 00:39:37 (20915 turns).

Inquire the Warrior (Minotaur Summoner)            Turns: 20915, Time: 00:39:38

Health: -3/136     AC: 20    Str: 14    XL:     14   Next: 47%
Magic:  19/19      EV: 11    Int: 18    God:    Zin [******]
Gold:   1190       SH: 11    Dex: 18    Spells: 10/18 levels left

rFire    . . .     SeeInvis .   d - +10 falchion of Wu Jian's Vengeance {flame, +Rage rC+ Dex+4 Stlth-}
rCold    + + .     Gourm    .   k - +0 buckler (curse)
rNeg     . . .     Faith    .   u - +5 scale mail of Raqauh {rC+ Int+2}
rPois    .         Spirit   .   n - +2 hat
rElec    .         Reflect  +   l - scarf {repulsion}
rCorr    .         Harm     .   p - +0 pair of gloves
MR       +....                  o - +2 pair of boots {Fly}
Stlth    ..........             v - +6 amulet of reflection
HPRegen  0.32/turn              (no ring)
MPRegen  0.16/turn              x - +3 ring of intelligence

@: flying, heavily drained, repel missiles
A: retaliatory headbutt, horns 2
a: Recite, Vitalisation, Imprison, Sanctuary, Donate Gold, Renounce Religion,
Evoke Berserk Rage, Stop Flying


You were on level 2 of the Orcish Mines.
You worshipped Zin.
Zin was exalted by your worship.
You were not hungry.

You visited 3 branches of the dungeon, and saw 21 of its levels.
You also visited: Ossuary and Volcano.

You collected 2206 gold pieces.
You spent 838 gold pieces at shops.
You donated 178 gold pieces to Zin.

Inventory:

Hand Weapons
 d - the +10 falchion of Wu Jian's Vengeance (weapon) {flame, +Rage rC+ Dex+4 Stlth-}
   (You bought it in a shop on level 5 of the Dungeon)

   It has been specially enchanted to burn those struck by it, causing extra
   injury to most foes and up to half again as much damage against particularly
   susceptible opponents.
   Big, fiery blades are also staple armaments of hydra-hunters.
   It affects your dexterity (+4).
   It protects you from cold.
   It lets you go berserk.
   It makes you less stealthy.
 j - a +1 short sword
Armour
 h - a scarf of cloud immunity
 i - the +3 pair of boots "Henudoip" {rElec rC+ MP+9 Str-5}
   (You bought it in a shop on level 2 of the Orcish Mines)

   It affects your strength (-5).
   It protects you from cold.
   It insulates you from electricity.
   It affects your magic capacity (+9).
 k - a cursed +0 buckler (worn)
 l - a scarf of repulsion (worn)
 n - a +2 hat (worn)
 o - a +2 pair of boots of flying (worn)
 p - a +0 pair of gloves (worn)
 q - a +0 leather armour of poison resistance
 u - the +5 scale mail of Raqauh (worn) {rC+ Int+2}
   (You bought it in a shop on level 2 of the Orcish Mines)

   It affects your intelligence (+2).
   It protects you from cold.
Jewellery
 a - an uncursed ring of fire
 r - an uncursed amulet of harm
 v - a +6 amulet of reflection (around neck)
 x - a +3 ring of intelligence (right hand)
 z - an uncursed amulet of magic regeneration
Wands
 y - a wand of scattershot (2)
 I - a wand of paralysis (7)
 J - a wand of flame (18)
Scrolls
 e - 2 scrolls of fog
 f - 4 scrolls of teleportation
 g - 6 scrolls of enchant weapon
 m - 5 scrolls of remove curse
 w - a scroll of fear
Potions
 b - 2 potions of flight
 t - 3 potions of cancellation
Miscellaneous
 A - a sack of spiders
Comestibles
 c - 28 rations


   Skills:
 + Level 15.9(12.1) Fighting
 - Level 5.6(6.7) Short Blades
 - Level 13.6(10.4) Long Blades
 - Level 13.1(9.6) Armour
 - Level 7.3(4.2) Dodging
 - Level 1.5(0.0) Stealth
 - Level 4.6(1.7) Shields
 * Level 2.6(0.0) Spellcasting
 - Level 3.2(0.5) Summonings
 * Level 3.6(0.8) Air Magic
 - Level 9.2(5.9) Invocations


You had 10 spell levels left.
You knew the following spells:

 Your Spells              Type           Power        Failure   Level  Hunger
a - Summon Small Mammal   Summ           #...         61%         1    ##.....
b - Call Canine Familiar  Summ           #.......     93%         3    ####...
c - Summon Lightning Spi  Summ/Air       #.......     100%        4    #####..

Your spell library contained the following spells:

 Spells                   Type           Power        Failure   Level  Hunger
 Sandblast                Erth           #.....       67%         1    ##.....
 Call Imp                 Summ           #.......     75%         2    ###....
 Passwall                 Tmut/Erth      #.......     82%         2    ###....
 Summon Guardian Golem    Hex/Summ       #.......     95%         3    ####...
 Stone Arrow              Conj/Erth      #.....       96%         3    ####...
 Petrify                  Tmut/Erth      #.......     100%        4    #####..
 Summon Ice Beast         Ice/Summ       #.......     100%        4    #####..
 Lee's Rapid Deconstruct  Erth           #.........   100%        5    ######.


Dungeon Overview and Level Annotations

Branches:
Dungeon (13/15)            Temple (0/1) D:7            Lair (6/6) D:8
  Swamp (0/4) Lair:4        Snake (0/4) Lair:3        Slime (0/5) Lair:5
    Orc (2/2) D:9             Elf (0/3) Orc:2
 Vaults: D:13-14

Altars:
Ashenzari
Dithmenos
Elyvilon
Fedhas
Gozag
Nemelex Xobeh
Okawaru
Ru
Trog
Vehumet
Xom
Yredelemnul
Zin
Beogh

Shops:
D:5 (   D:10 [   Orc:2 :([

Annotations:
D:5 Menkaure
Lair:1 exclusion: oklob plant
Lair:4 exclusion: oklob plant
Orc:2 AIR MANUAL


Innate Abilities, Weirdness & Mutations

You reflexively headbutt those who attack you in melee.
You have a pair of horns on your head.


Message History

The orc warlord hits you with a +1 great mace of draining!!
You feel drained.
Unknown command.
You hit the orc warlord but do no damage.
The orc warlord is severely wounded.
You block the orc's attack.
Unknown command.
You completely miss the orc warlord.
The orc warlord is severely wounded.
The orc no longer looks unusually strong.
The orc warlord hits you with a +1 great mace of draining!
* * * LOW HITPOINT WARNING * * *
You feel drained.
* * * LOW HITPOINT WARNING * * *
You block the orc's attack.
You see here a +0 giant club.
The orc warlord hits you with a +1 great mace of draining!!
* * * LOW HITPOINT WARNING * * *
You feel drained.
You die...

........#.......#
......o........##
.........)..####
.............##
.##########...##
###...#...###.)## ### ### #
#.[.#...####.o###.####.##
###...#)))##∩#.o.#...#....#
.8##'###'##8.##.@.#.#....##
....).........#..##.#.....##
..)).)8......_#............#
...)).........#..<........##
.8##'###)##8.##.......#..##
###...#)..##∩#...##.......#
# #...#...####...##.......#
###...#...###.....#...[).##
.##########....#.#....[.).#


You could see an orc warlord and an orc.

Vanquished Creatures
  Gastronok (Lair:1)
  A stone giant (Orc:2)
  3 hydras
  Harold (D:7)
  A merfolk avatar (Lair:6)
  A catoblepas (Lair:6)
  A two-headed ogre (Orc:2)
  9 death yaks
  An orc high priest (Orc:2)
  A salamander mystic (Volcano)
  A harpy (Lair:6)
  2 orc knights (Orc:2)
  3 orc sorcerers (Orc:2)
  An ugly thing (D:11)
  2 manticores
  A black mamba (Lair:3)
  A salamander (Volcano)
  14 elephants
  11 spiny frogs
  4 rime drakes
  9 komodo dragons
  4 trolls
  6 polar bears (Lair:6)
  A wind drake (Lair:6)
  2 hornets (Lair:6)
  A slime creature (D:12)
  19 blink frogs
  6 hippogriffs
  Sigmund (D:3)
  5 wyverns
  8 spriggans
  A fire bat (Volcano)
  2 basilisks
  35 yaks
  A hungry ghost (D:8)
  2 wargs
  2 nagas (Lair:3)
  A soldier ant (D:8)
  12 water moccasins
  5 porcupines
  2 sky beasts
  Duvessa (D:7)
  27 orc warriors
  A hornet zombie (D:11)
  A phantom (D:8)
  15 ogres
  3 black bears
  3 ice beasts
  An eye of draining (D:8)
  9 wolves (Lair:6)
  4 centaurs
  12 crocodiles
  2 big kobolds
  12 bullfrogs
  2 elf zombies (Ossuary)
  Dowan (D:7)
  2 scorpions (D:7)
  6 killer bees (D:7)
  4 wights
  7 crimson imps
  A howler monkey (D:6)
  2 lava snakes (Volcano)
  A centaur zombie (Ossuary)
  12 hounds
  2 quasits
  2 jellies
  24 orc priests
  A bullfrog skeleton (D:7)
  Crazy Yiuf (D:5)
  23 orc wizards
  A centaur skeleton (D:6)
  2 human zombies (Ossuary)
  5 iguanas
  7 worker ants
  Ijyb (D:5)
  3 big kobold zombies (Ossuary)
  A hound zombie (Ossuary)
  4 mummies
  A worker ant zombie (D:10)
  15 adders
  3 gnolls (D:6)
  3 shadow imps
  An ooze (D:1)
  4 adder skeletons
  3 adder zombies (Ossuary)
  4 dart slugs
  A worm (D:2)
  5 leopard geckos
  97 orcs
  8 giant cockroaches
  A gnoll zombie (Ossuary)
  13 goblins
  8 hobgoblins
  14 jackals
  6 quokkas
  2 ball pythons (D:4)
  7 bats
  3 frilled lizards
  A giant cockroach zombie (D:5)
  3 goblin zombies (Ossuary)
  8 hobgoblin zombies
  2 jackal zombies (Ossuary)
  9 kobolds
  3 kobold zombies
  An orc zombie (Ossuary)
  4 quokka zombies
  8 rats
  4 rat zombies (Ossuary)
633 creatures vanquished.

Vanquished Creatures (collateral kills)
  Grinder (D:3)
  A yak (Lair:6)
  An orc warrior (Orc:2)
  A frilled lizard (D:1)
4 creatures vanquished.

Vanquished Creatures (others)
  An orc priest (Orc:2)
  15 fungi
  28 plants (Lair:6)
  15 toadstools (Lair:4)
59 creatures vanquished.

Grand Total: 696 creatures vanquished

Notes
Turn   | Place    | Note
-------+----------+-------------------------------------------
     0 | D:1      | Inquire the Minotaur Summoner began the quest for the Orb.
     0 | D:1      | Reached XP level 1. HP: 14/14 MP: 1/1
   250 | D:1      | Reached XP level 2. HP: 22/22 MP: 3/3
   336 | D:1      | Reached skill level 1 in Fighting
   336 | D:1      | Reached skill level 1 in Armour
  1096 | D:2      | Reached XP level 3. HP: 9/28 MP: 4/4
  1653 | D:2      | Found a glowing silver altar of Zin.
  1657 | D:2      | Became a worshipper of Zin the Law-Giver
  1662 | D:2      | Learned a level 3 spell: Call Canine Familiar
  1926 | D:2      | Found a shimmering altar of Xom.
  1926 | D:2      | Found a shimmering altar of Xom.
  1928 | D:2      | Found a shimmering altar of Xom.
  1935 | D:2      | Found a shimmering altar of Xom.
  1935 | D:2      | Found a shimmering altar of Xom.
  1937 | D:2      | Found a shimmering altar of Xom.
  1957 | D:2      | Reached skill level 2 in Fighting
  2051 | D:2      | Reached XP level 4. HP: 36/36 MP: 5/5
  2255 | D:3      | Reached * piety under Zin
  2334 | D:3      | Reached skill level 1 in Short Blades
  2350 | D:3      | Reached skill level 1 in Invocations
  2393 | D:3      | Noticed Sigmund
  2533 | D:4      | Reached XP level 5. HP: 42/44 MP: 6/6
  2573 | D:5      | Entered Level 5 of the Dungeon
  2577 | D:5      | HP: 2/44 [something/puff of flame (4)]
  2977 | D:4      | Reached skill level 3 in Fighting
  3075 | D:4      | Found a sand-covered staircase.
  3140 | Ossuary  | Entered an ossuary
  3231 | Ossuary  | Reached ** piety under Zin
  3462 | Ossuary  | Reached XP level 6. HP: 19/52 MP: 7/7
  3651 | Ossuary  | Reached skill level 4 in Fighting
  3914 | Ossuary  | Reached XP level 7. HP: 26/60 MP: 8/8
  4094 | Ossuary  | Reached *** piety under Zin
  4373 | D:4      | Reached skill level 5 in Fighting
  4648 | D:3      | Killed Sigmund
  4729 | D:3      | Found a bloodstained altar of Trog.
  4729 | D:3      | Found an iron altar of Okawaru.
  4763 | D:3      | Found a radiant altar of Vehumet.
  5001 | D:3      | Noticed Grinder
  5026 | D:3      | Killed Grinder
  5026 | D:3      | Reached skill level 6 in Fighting
  5026 | D:3      | Reached skill level 5 in Short Blades
  5026 | D:3      | Reached XP level 8. HP: 51/70 MP: 5/10
  5049 | D:3      | Reached **** piety under Zin
  5353 | D:5      | Reached skill level 5 in Invocations
  5381 | D:5      | Found Epem's Antique Weapon Emporium.
  5412 | D:5      | Bought a translucent falchion for 208 gold pieces
  5412 | D:5      | Identified the +10 falchion of Wu Jian's Vengeance {flame,
                  | +Rage rC+ Dex+4 Stlth-} (You bought it in a shop on level 5
                  | of the Dungeon)
  5445 | D:5      | Noticed Ijyb
  5455 | D:5      | Killed Ijyb
  5526 | D:5      | Reached skill level 1 in Long Blades
  5533 | D:5      | Reached ***** piety under Zin
  5588 | D:5      | Found a runed translucent door.
  5590 | D:5      | Noticed Crazy Yiuf
  5596 | D:5      | Killed Crazy Yiuf
  5731 | D:5      | Noticed Menkaure
  5757 | D:6      | Reached skill level 7 in Fighting
  5967 | D:6      | Reached XP level 9. HP: 60/80 MP: 12/12
  6148 | D:6      | Reached skill level 5 in Long Blades
  6444 | D:7      | Found a staircase to the Ecumenical Temple.
  6491 | D:7      | Noticed Harold
  6515 | D:7      | Killed Harold
  6681 | D:7      | Found a white marble altar of Elyvilon.
  6810 | D:7      | Reached XP level 10. HP: 69/88 MP: 13/13
  6958 | D:7      | Found an opulent altar of Gozag.
  7279 | D:7      | Found a basalt altar of Yredelemnul.
  7279 | D:7      | Noticed Duvessa
  7279 | D:7      | Noticed Dowan
  7285 | D:7      | Killed Dowan
  7288 | D:7      | Killed Duvessa
  7445 | D:8      | Found a staircase to the Lair.
  7691 | D:8      | Found a shadowy altar of Dithmenos.
  8019 | D:8      | Reached skill level 5 in Armour
  8140 | D:9      | Learned a level 4 spell: Summon Lightning Spire
  8164 | D:9      | Found a shimmering altar of Xom.
  8170 | D:9      | Found a staircase to the Orcish Mines.
  8203 | D:9      | Found a shattered altar of Ashenzari.
  8395 | D:9      | Reached skill level 10 in Long Blades
  8427 | D:9      | Reached skill level 1 in Shields
  8774 | D:9      | Reached ****** piety under Zin
  9251 | D:9      | Found a sparkling altar of Nemelex Xobeh.
  9251 | D:9      | Found a blossoming altar of Fedhas.
  9413 | D:9      | Found a sacrificial altar of Ru.
  9678 | D:10     | Entered Level 10 of the Dungeon
  9688 | D:10     | Found Sidufiyr's Armour Shop.
  9712 | D:10     | Bought a +0 pair of boots of flying for 149 gold pieces
  9967 | D:10     | Reached XP level 11. HP: 93/93 MP: 14/14
 10212 | D:11     | Noticed a seven-headed hydra
 10212 | D:11     | Noticed a cyan ugly thing
 10223 | D:11     | Killed a cyan ugly thing
 10226 | D:11     | Killed a four-headed hydra
 10598 | D:11     | Found a white marble altar of Elyvilon.
 10961 | D:13     | Noticed a purple ugly thing
 11256 | Lair:1   | Entered Level 1 of the Lair of Beasts
 11325 | Lair:1   | Found a dark tunnel.
 11352 | Volcano  | Entered a volcano
 11372 | Volcano  | Reached skill level 8 in Fighting
 11396 | Volcano  | Found a burning altar of Makhleb.
 11396 | Volcano  | Noticed a salamander mystic
 11406 | Volcano  | Killed a salamander mystic
 11414 | Volcano  | HP: 7/142 [salamander (5)]
 11417 | Volcano  | HP: 1/142 [salamander (5)]
 11871 | Lair:1   | Noticed an oklob plant
 12002 | Lair:1   | Reached skill level 9 in Fighting
 12132 | Lair:1   | Noticed Gastronok
 12147 | Lair:1   | Killed Gastronok
 12147 | Lair:1   | Reached XP level 12. HP: 87/106 MP: 15/15
 12275 | Lair:1   | Reached skill level 10 in Fighting
 13086 | Lair:3   | Noticed a seven-headed hydra
 13100 | Lair:3   | Killed a three-headed hydra
 13100 | Lair:3   | Reached skill level 11 in Fighting
 13102 | Lair:3   | Reached skill level 10 in Armour
 13120 | Lair:4   | Found a blossoming altar of Fedhas.
 13229 | Lair:4   | Reached skill level 12 in Fighting
 13649 | Lair:4   | Found a staircase to the Swamp.
 14508 | Lair:5   | Reached XP level 13. HP: 108/119 MP: 16/16
 15109 | Lair:5   | Found a staircase to the Slime Pits.
 15264 | Lair:6   | Entered Level 6 of the Lair of Beasts
 15269 | Lair:5   | Reached skill level 13 in Fighting
 16055 | Lair:6   | Reached skill level 14 in Fighting
 17615 | Lair:6   | Reached skill level 15 in Fighting
 17775 | Lair:6   | Reached XP level 14. HP: 86/135 MP: 19/19
 18369 | Lair:3   | Found a staircase to the Snake Pit.
 18409 | Lair:3   | Got a dazzling scale mail
 18410 | Lair:3   | Identified the +5 scale mail "Kengiumo" {Regen+ SInv} (You
                  | found it on level 3 of the Lair of Beasts)
 18742 | Lair:3   | Reached skill level 1 in Air Magic
 18924 | Orc:1    | Entered Level 1 of the Orcish Mines
 19465 | Orc:2    | Entered Level 2 of the Orcish Mines
 19465 | Orc:2    | Found a staircase to the Elven Halls.
 19871 | Orc:2    | Noticed an orc warlord
 19963 | Orc:2    | Paralysed by an orc sorcerer for 4 turns
 20009 | Orc:2    | Found Furrow's Antique Weapon Shoppe.
 20010 | Orc:2    | Found a roughly hewn altar of Beogh.
 20033 | Orc:2    | Found Rapyl's Antique Armour Emporium.
 20048 | Orc:2    | Bought a pair of brightly glowing boots for 247 gold pieces
 20048 | Orc:2    | Bought a faintly glowing scale mail for 234 gold pieces
 20058 | Orc:2    | Identified the +3 pair of boots "Henudoip" {rElec rC+ MP+9
                  | Str-5} (You bought it in a shop on level 2 of the Orcish
                  | Mines)
 20078 | Orc:2    | Identified the +5 scale mail of Raqauh {rC+ Int+2} (You
                  | bought it in a shop on level 2 of the Orcish Mines)
 20145 | Orc:2    | Found a roughly hewn altar of Beogh.
 20336 | Orc:2    | Found a roughly hewn altar of Beogh.
 20338 | Orc:2    | Found Yryoff's Book Shop.
 20411 | Orc:2    | Found a roughly hewn altar of Beogh.
 20426 | Orc:2    | Noticed a stone giant
 20447 | Orc:2    | Killed a stone giant
 20915 | Orc:2    | HP: 3/136 [orc warlord/+1 great mace of draining (25)]
 20915 | Orc:2    | Slain by an orc warlord

Levels and vault maps discovered:
D:1:      dpeg_arrival_arbitrary_b, layout_basic
D:2:      layout_loops_corners, zin_statuary, xom_redecorated
D:3:      layout_rooms, chequers_temple_overflow_statue_of_worship,
          vehumet_crystals, first_ration, minmay_ogre_servants, uniq_sigmund,
          uniq_grinder
D:4:      layout_rooms, nicolae_ossuary_entry_giza, dk_vineyard_3,
          saegor_snake_ambush
D:5:      layout_cave_pools, serial_shops, nicolae_shop_trees, uniq_ijyb,
          uniq_crazy_yiuf_cottage, uniq_menkaure
D:6:      layout_basic
D:7:      layout_loops_corners, kennysheep_ying_yang,
          nicolae_gozag_seed_capital, temple_green, the_bakery, uniq_harold,
          uniq_duvessa
D:8:      layout_loops_cross, nicolae_dithmenos_the_darkroom, lair_entry_dummy,
          st_stairs_9
D:9:      kb_forest_paths, layout_loops_ring, lemuel_coloured_pillars_altar,
          nicolae_overflow_crystal_walls, kennysheep_little_box,
          gammafunk_temple_overflow_elements
D:10:     layout_gridville, serial_shops, nicolae_shop_crystal,
          water_boxes_lemuel
D:11:     layout_roguey, basic_altar
D:12:     layout_basic, minmay_misc_feat_enclosed, kb_rosetta, uniq_rupert,
          uniq_fannar
D:13:     layout_basic
Lair:1:   layout_gridlike, enter_volcano_1, minmay_lair_oklob_bushes,
          minmay_stone_trees_medium, grunt_megastairs_1, uniq_gastronok
Lair:2:   layout_cave_shapes, serial_bayou_lake_a
Lair:3:   layout_gridlike, minmay_snake_entry_guardpost_small
Lair:4:   layout_roguey, swamp_mist_pool, tgw_fedhas
Lair:5:   layout_big_grid, dpeg_slime_entry_corner,
          hangedman_lair_unloving_vines, chequers_serial_rivers_small_a
Lair:6:   gammafunk_lair_ancient_temple, layout_cave_pods
Orc:1:    layout_caves
Orc:2:    grunt_orc_community_town_hall, layout_caves,
          grunt_orc_community_big_house_1, grunt_orc_community_big_house_1,
          grunt_orc_community_house_1, grunt_orc_community_house_2,
          grunt_orc_community_house_1, grunt_orc_community_house_3,
          minmay_orc_temple_c

Skill      XL: |  1  2  3  4  5  6  7  8  9 10 11 12 13 14 |
---------------+-------------------------------------------+-----
Summonings     | 3 |  3.2
Fighting       | 1 2 3 4 6 7 9 12 15 | 15.9
Armour         | 1 5 8 12 13 | 13.1
Short Blades   | 1 2 3 5 |  5.6
Invocations    | 1 2 3 4 6 8 9 |  9.2
Long Blades    | 4 8 11 13 | 13.6
Dodging        | 3 7 |  7.3
Shields        | 4 |  4.6
Air Magic      | 3 |  3.6
Spellcasting   | 2 |  2.6
Stealth        | |  1.5

Action                   |  1- 3 |  4- 6 |  7- 9 | 10-12 | 13-15 || total
-------------------------+-------+-------+-------+-------+-------++-------
Melee: Unarmed           |    98 |       |       |       |       ||    98
       Headbutt          |    20 |    48 |    55 |   163 |   190 ||   476
       Short sword       |    31 |   349 |   161 |       |       ||   541
       Falchion          |       |       |   111 |   630 |   756 ||  1497
Throw: Throwing net      |       |       |     1 |       |       ||     1
 Cast: Summon Small Mamm |    13 |       |       |       |       ||    13
       Call Canine Famil |       |       |     2 |       |       ||     2
Invok: Recite            |       |    12 |    12 |     5 |    12 ||    41
       Vitalisation      |       |     1 |     7 |     6 |    10 ||    24
       Sanctuary         |       |       |       |     1 |       ||     1
 Abil: Evoke Berserk Rag |       |       |     1 |     1 |     1 ||     3
Evoke: Wand              |       |       |     6 |     7 |     3 ||    16
       Sack of spiders   |       |       |       |     1 |     4 ||     5
  Use: Potion            |     2 |     8 |     5 |     8 |    12 ||    35
       Scroll            |     1 |    10 |     4 |    12 |     8 ||    35
 Stab: Sleeping          |     6 |       |       |       |       ||     6
       Confused          |       |       |     2 |     3 |     8 ||    13
       Invisible         |       |       |     1 |       |     4 ||     5
       Distracted        |       |       |       |       |     1 ||     1
       Held in net/web   |       |       |       |       |     1 ||     1
       Paralysed         |       |       |       |       |    28 ||    28
  Eat: Chunk             |     1 |     1 |     6 |     7 |     8 ||    23
       Ration            |     1 |     2 |     1 |     7 |     3 ||    14
Armor: Robe              |    23 |       |       |       |       ||    23
       Leather armour    |     7 |       |       |    51 |    41 ||    99
       Ring mail         |       |   107 |    62 |    16 |       ||   185
       Skin              |       |       |     2 |       |       ||     2
       Scale mail        |       |       |       |       |    46 ||    46
Dodge: Dodged            |    93 |   161 |   127 |   257 |   270 ||   908
       Deflected         |       |     5 |     2 |     9 |     8 ||    24
Block: Other             |       |    24 |    21 |    19 |       ||    64
       Reflection        |       |       |     1 |     4 |     8 ||    13
       Buckler           |       |       |       |   175 |   245 ||   420
       Rpst.: Falchion   |       |       |    11 |    66 |    70 ||   147

Table legend:
 A = Non-vault XP
 B = Vault XP
 C = Vault XP percentage of total XP
 D = Non-vault monster count
 E = Vault monster count
 F = Vault count percentage of total count
                 A         B        C        D         E       F
            +---------+---------+-------+---------+---------+-------
      Total |   56852 |   26002 |  31.4 |     440 |     186 |  29.7
            +---------+---------+-------+---------+---------+-------
        D:1 |      31 |       0 |   0.0 |      17 |       0 |   0.0
        D:2 |      73 |       0 |   0.0 |      23 |       0 |   0.0
        D:3 |     120 |     539 |  81.8 |      22 |      11 |  33.3
        D:4 |     237 |      49 |  17.1 |      13 |       7 |  35.0
        D:5 |     274 |      75 |  21.5 |      15 |       2 |  11.8
        D:6 |    1455 |       0 |   0.0 |      23 |       0 |   0.0
        D:7 |    1638 |    1408 |  46.2 |      32 |       4 |  11.1
        D:8 |     971 |     305 |  23.9 |      18 |       3 |  14.3
        D:9 |    1057 |    1943 |  64.8 |      25 |      16 |  39.0
       D:10 |     803 |       0 |   0.0 |      15 |       0 |   0.0
       D:11 |    3871 |       0 |   0.0 |      25 |       0 |   0.0
       D:12 |     865 |       0 |   0.0 |       7 |       0 |   0.0
       D:13 |       3 |       0 |   0.0 |       1 |       0 |   0.0
     Lair:1 |    4130 |    2286 |  35.6 |      18 |       1 |   5.3
     Lair:2 |    1601 |       0 |   0.0 |      10 |       0 |   0.0
     Lair:3 |    5462 |     320 |   5.5 |      16 |       2 |  11.1
     Lair:4 |    8681 |       0 |   0.0 |      28 |       0 |   0.0
     Lair:5 |    3280 |       0 |   0.0 |       9 |       0 |   0.0
     Lair:6 |   17467 |    9439 |  35.1 |      59 |      25 |  29.8
      Orc:1 |    2235 |       0 |   0.0 |      41 |       0 |   0.0
      Orc:2 |    2598 |    7570 |  74.4 |      23 |      72 |  75.8
    Ossuary |       0 |     506 | 100.0 |       0 |      38 | 100.0
    Volcano |       0 |    1562 | 100.0 |       0 |       5 | 100.0
            +---------+---------+-------+---------+---------+-------
